 Dungeon Crawl Stone Soup version 0.24.1-4-ge52af88ad5 (webtiles) character file.

Game seed: 15158722388278636256, levelgen mode: deterministic

112284 Curus the Bludgeoner (level 16, -8/145 HPs)
             Began as a Green Draconian Berserker on Apr 16, 2020.
             Was the Champion of Trog.
             Mangled by an alligator (12 damage)
             ... led by an alligator
             ... on level 1 of the Swamp.
             The game lasted 02:13:15 (25261 turns).

Curus the Bludgeoner (Green Draconian Berserker)   Turns: 25261, Time: 02:13:17

Health: -8/145     AC: 16    Str: 20    XL:     16   Next: 11%
Magic:  0/23       EV: 25    Int:  9    God:    Trog [******]
Gold:   1514       SH:  4    Dex: 18    Spells: 15/15 levels left

rFire    . . .     SeeInvis +   E - +7 great mace (vamp)
rCold    . . .     Gourm    .   (shield currently unavailable)
rNeg     . . .     Faith    .   (armour unavailable)
rPois    +         Spirit   +   h - +2 hat
rElec    .         Reflect  +   G - scarf {Spirit}
rCorr    .         Harm     .   e - +2 pair of gloves
MR       +....     Rnd*Rage +   v - +1 pair of boots
Stlth    ++........             W - +4 amulet of reflection
HPRegen  0.34/turn              i - +3 ring of evasion
MPRegen  0.18/turn              X - ring of see invisible

@: berserk cooldown, slowed, studying Polearms, very slow
A: breathe noxious fumes, unfitting armour, horns 1, stinger 1, agile 1, berserk
1, poison resistance, cold-blooded, AC +9
a: Breathe Noxious Fumes, Berserk, Trog's Hand, Brothers in Arms, Renounce
Religion


You were on level 1 of the Swamp.
You worshipped Trog.
Trog was exalted by your worship.
You were hungry.

You visited 4 branches of the dungeon, and saw 24 of its levels.
You also visited: Sewer and Ossuary.

You collected 2130 gold pieces.
You spent 616 gold pieces at shops.

Inventory:

Hand Weapons
 s - a +0 antimagic eveningstar
 E - a +7 vampiric great mace (weapon)
Armour
 e - a +2 pair of gloves (worn)
 h - a +2 hat (worn)
 v - a +1 pair of boots (worn)
 x - a +0 shield of positive energy
 G - a scarf of spirit shield (worn)
Jewellery
 a - an uncursed amulet of guardian spirit
 i - a +3 ring of evasion (left hand)
 J - a +2 ring of dexterity
 N - a -3 ring of strength
 Q - an uncursed ring of teleportation
 V - a cursed amulet of inaccuracy
 W - a +4 amulet of reflection (around neck)
 X - a ring of see invisible (right hand)
Wands
 f - a wand of flame (35)
 j - a wand of random effects (46)
 k - a wand of polymorph (26)
 r - a wand of clouds (5)
 A - a wand of scattershot (3)
 B - a wand of iceblast (14)
 D - a wand of acid (32)
 H - a wand of paralysis (29)
 K - a wand of enslavement (19)
 L - a wand of disintegration (6)
 M - a wand of digging (15)
Scrolls
 c - 2 scrolls of fog
 l - 23 scrolls of identify
 o - 10 scrolls of teleportation
 u - 2 scrolls of brand weapon
 y - 11 scrolls of remove curse
 C - a scroll of blinking
 P - a scroll of enchant weapon
 S - a scroll of fear
 Z - 2 scrolls of magic mapping
Potions
 d - 14 potions of curing
 g - 2 potions of ambrosia
 m - 7 potions of heal wounds
 n - 2 potions of berserk rage
 p - 2 potions of cancellation
 q - 4 potions of flight
 t - 3 potions of invisibility
 z - 5 potions of resistance
 F - a potion of magic
 I - 2 potions of brilliance
 R - a potion of might
 U - a potion of haste
Books
 w - a manual of Polearms
Comestibles
 b - 30 rations


   Skills:
 + Level 13.8 Fighting
 - Level 20.0 Maces & Flails
 + Level 11.9 Dodging
 - Level 9.8 Evocations


You had 15 spell levels left.
You didn't know any spells.
Your spell library was empty.

Dungeon Overview and Level Annotations

Branches:
Dungeon (15/15)            Temple (0/1) D:7            Lair (6/6) D:11
  Swamp (1/4) Lair:2        Snake (0/4) Lair:3        Slime (0/5) Lair:5
    Orc (2/2) D:9             Elf (0/3) Orc:2        Vaults (0/5) D:13
 Depths (0/5) D:15          Sewer (visited)         Ossuary (visited)

Altars:
Cheibriados
Dithmenos
Makhleb
Nemelex Xobeh
Qazlal
Trog
Xom
Yredelemnul
Beogh

Shops:
Orc:1 ?   Orc:2 }*=(

Portals:
Hell: Lair:6

Annotations:
D:8 1 runed translucent door, hitsuchi's ghost, novice OpCK
Lair:2 exclusion: oklob plant


Innate Abilities, Weirdness & Mutations

You can breathe blasts of noxious fumes.
Your lurid green scales are hard. (AC +9)
You cannot fit into any form of body armour.
Your tail ends in a poisonous barb.
Your system is resistant to poisons. (rPois)
You are cold-blooded and may be slowed by cold attacks.
You have a pair of small horns on your head.
You are agile. (Dex +2)
You tend to lose your temper in combat.


Message History

You feel somewhat more hungry. The alligator closely misses you.
The alligator tail-slaps you but does no damage.
The alligator closely misses you. The alligator completely misses you.
The alligator bites you! The alligator tail-slaps you.
You closely miss the alligator. You headbutt the alligator.
The alligator is lightly wounded.
The alligator bites you! The alligator completely misses you.
The alligator bites you!
The alligator tail-slaps you but does no damage.
The alligator bites you!!
* * * LOW HITPOINT WARNING * * *
The alligator misses you.
Your troll bites the alligator!
Your troll claws the alligator.
Your troll barely misses the alligator.
The alligator bites you!!
* * * LOW HITPOINT WARNING * * *
The alligator tail-slaps you but does no damage.
Your troll bites the alligator!!
Your troll claws the alligator! x2
The alligator bites your troll!! The alligator tail-slaps your troll.
The alligator bites you!
You die...

.♣ ♣♣§≈.≈..≈....≈.
♣♣♣♣.♣≈§....(.
♣♣♣≈≈.§§♣§♣
♣♣♣♣♣.≈.§≈.♣♣♣♣
♣.≈.§...≈≈≈≈♣≈♣♣
♣.≈.≈≈≈≈.≈§....♣♣♣
♣♣.≈.....)≈.≈≈...≈
♣..♣..≈....≈...§...≈
♣..≈.≈..≈≈.@T......
♣.≈.≈..♣†≈.≈≈tt...≈.[
...§≈.♣...♣♣≈..≈≈....
.≈.≈≈≈♣♣.≈.♣≈≈...≈..§
≈.≈♣♣♣♣.≈.♣♣♣.♣≈§.≈.≈
♣♣♣♣♣ ♣♣≈♣♣ ♣♣≈......
♣≈..♣♣ ♣♣♣ ♣≈.♣≈♣≈
♣.≈≈.♣ ♣♣♣♣♣ ♣.≈..♣


You could see 2 alligators and a friendly troll (berserk).

Vanquished Creatures
  Saint Roka (Orc:1)
  Frances (D:14)
  Agnes (D:15)
  A thorn hunter (Swamp:1)
  An orc warlord (Orc:2)
  Azrael (D:14)
  A dire elephant (Lair:5)
  Josephine (Lair:5)
  8 hydras
  2 centaur warriors
  9 two-headed ogres
  2 ogre magi
  2 alligators (Swamp:1)
  2 tengu warriors
  5 orc high priests (Orc:2)
  Urug (Lair:5)
  2 deep elf knights (D:15)
  Sonja (D:13)
  A sixfirhy (Lair:6)
  3 skeletal warriors (D:12)
  2 unseen horrors
  3 wizards
  A swamp dragon (Swamp:1)
  Pikel (D:9)
  6 orc knights (Orc:2)
  A deep troll (D:15)
  A wolf spider zombie (D:14)
  3 ugly things
  5 orc sorcerers (Orc:2)
  A faun (shapeshifter) (D:14)
  4 cyclopes
  2 manticores
  A black mamba (Lair:1)
  14 elephants
  A smoke demon (Lair:6)
  4 gargoyles
  A torpor snail (Lair:6)
  2 orange demons (Lair:6)
  4 rime drakes (Lair:6)
  14 spiny frogs
  A redback zombie (D:14)
  7 komodo dragons
  A yaktaur (D:15)
  3 ice devils (Lair:6)
  10 trolls
  A merfolk (shapeshifter) (D:15)
  2 polar bears
  5 tyrant leeches
  Prince Ribbit (Lair:2)
  A red devil (Lair:6)
  2 hornets (Swamp:1)
  7 blink frogs
  Grinder (D:3)
  2 bog bodies (Swamp:1)
  9 hippogriffs
  14 slime creatures
  A slime creature (shapeshifter) (D:15)
  3 dream sheep (Lair:6)
  2 spriggans (Swamp:1)
  3 shadows
  4 wyverns
  11 wraiths
  A human (D:7)
  36 yaks
  4 fire elementals
  3 hogs (D:7)
  5 basilisks
  2 hungry ghosts
  Edmund (D:6)
  15 vampire mosquitoes
  6 wargs
  2 nagas (Lair:3)
  A soldier ant (D:12)
  4 swamp worms
  3 insubstantial wisps (Swamp:1)
  7 hell hounds
  17 porcupines
  4 water moccasins
  A swamp drake (Swamp:1)
  2 phantoms
  56 orc warriors
  4 sky beasts
  3 slaves (D:9)
  5 ice beasts
  A necrophage (D:5)
  A black bear (D:13)
  24 ogres
  4 wolves (Lair:2)
  5 centaurs
  13 crocodiles
  2 big kobolds
  19 bullfrogs
  A wyvern zombie (D:7)
  2 gnoll sergeants
  3 water moccasin zombies (Ossuary)
  3 scorpions
  A wyvern skeleton (D:15)
  6 killer bees (D:8)
  5 electric eels
  3 howler monkeys
  4 wights (D:7)
  7 crimson imps
  8 centaur zombies
  39 orc priests
  A bullfrog zombie (D:9)
  9 hounds
  6 jellies
  7 centaur skeletons
  28 orc wizards
  4 iguanas
  Ijyb (D:3)
  A gnoll shaman (D:9)
  6 worker ants
  7 hell rats (Lair:5)
  2 big kobold zombies (Ossuary)
  A hound zombie (D:6)
  2 mummies (Ossuary)
  A hound skeleton (D:6)
  8 adders
  13 gnolls
  A river rat (Sewer)
  3 shadow imps
  2 oozes
  6 adder zombies
  An adder skeleton (D:5)
  5 worms
  A dart slug (D:2)
  10 leopard geckos
  143 orcs
  2 giant cockroaches
  6 gnoll zombies (Ossuary)
  3 goblins
  4 hobgoblins
  20 jackals
  12 kobolds
  6 quokkas
  A ball python (D:7)
  7 bats
  5 frilled lizards
  2 goblin zombies (D:7)
  3 hobgoblin zombies (Ossuary)
  A jackal zombie (D:6)
  6 kobold zombies (Ossuary)
  3 orc zombies (Ossuary)
  11 rats
  3 briar patches (Swamp:1)
905 creatures vanquished.

Vanquished Creatures (collateral kills)
  A two-headed ogre (D:11)
  3 elephants (Lair:5)
  A water moccasin (Lair:5)
  An orc (D:11)
6 creatures vanquished.

Vanquished Creatures (others)
  An ogre (D:9)
  2 fungi
  23 plants
26 creatures vanquished.

Grand Total: 937 creatures vanquished

Notes
Turn   | Place    | Note
-------+----------+-------------------------------------------
     0 | D:1      | Curus the Draconian Berserker began the quest for the Orb.
     0 | D:1      | Reached XP level 1. HP: 19/19 MP: 1/1
   172 | D:1      | Reached XP level 2. HP: 22/26 MP: 2/2
   447 | D:1      | You fall into a shaft and drop 1 floor!
   459 | D:2      | Reached skill level 4 in Maces & Flails
   459 | D:2      | Reached XP level 3. HP: 25/31 MP: 3/3
   520 | D:2      | Reached ** piety under Trog
  1290 | D:2      | Reached skill level 5 in Maces & Flails
  1290 | D:2      | Reached XP level 4. HP: 38/38 MP: 4/4
  1577 | D:3      | Noticed Ijyb
  1594 | D:3      | Killed Ijyb
  1594 | D:3      | Reached XP level 5. HP: 45/45 MP: 5/5
  1598 | D:3      | Noticed Grinder
  1615 | D:3      | Killed Grinder
  1615 | D:3      | Reached skill level 7 in Maces & Flails
  1615 | D:3      | Reached XP level 6. HP: 51/51 MP: 6/6
  2269 | D:4      | Found a glowing drain.
  2273 | Sewer    | Entered a sewer
  2367 | Sewer    | Reached skill level 8 in Maces & Flails
  2367 | Sewer    | Your scales start taking on a lurid green colour.
  2367 | Sewer    | Reached XP level 7. HP: 51/57 MP: 7/7
  2367 | Sewer    | Gained mutation: Your system is resistant to poisons.
                  | (rPois) [Green Draconian growth]
  2393 | Sewer    | Found a white marble altar of Elyvilon.
  2615 | D:3      | Found a faded altar of an unknown god.
  3076 | D:5      | Entered Level 5 of the Dungeon
  3160 | D:5      | Reached *** piety under Trog
  3270 | D:5      | Reached skill level 9 in Maces & Flails
  3926 | D:6      | Found a snail-covered altar of Cheibriados.
  3927 | D:6      | Noticed a two-headed ogre
  3943 | D:6      | Noticed Edmund
  3945 | D:6      | Killed a two-headed ogre
  3945 | D:6      | Reached skill level 11 in Maces & Flails
  3945 | D:6      | Reached XP level 8. HP: 42/63 MP: 8/8
  3956 | D:6      | Killed Edmund
  3999 | D:6      | Found a sparkling altar of Nemelex Xobeh.
  4107 | D:6      | Reached XP level 9. HP: 61/70 MP: 9/9
  4137 | D:6      | Reached skill level 12 in Maces & Flails
  4387 | D:6      | Found a bloodstained altar of Trog.
  4842 | D:7      | Reached **** piety under Trog
  4853 | D:7      | Found a sand-covered staircase.
  4860 | Ossuary  | Entered an ossuary
  5073 | Ossuary  | Gained mutation: You are agile. (Dex +2) [potion of
                  | mutation]
  5073 | Ossuary  | Gained mutation: You have a pair of small horns on your
                  | head. [potion of mutation]
  5145 | D:7      | Reached skill level 13 in Maces & Flails
  5308 | D:7      | Reached ***** piety under Trog
  5341 | D:7      | Found a staircase to the Ecumenical Temple.
  5342 | D:7      | Found a basalt altar of Yredelemnul.
  5636 | D:7      | Reached skill level 14 in Maces & Flails
  5846 | D:7      | Reached XP level 10. HP: 77/77 MP: 10/10
  6026 | D:7      | Found a sparkling altar of Nemelex Xobeh.
  6697 | D:8      | Found a runed translucent door.
  6701 | D:8      | Found a shimmering altar of Xom.
  6701 | D:8      | Noticed a +0 flail of chaos
  6701 | D:8      | Noticed hitsuchi's ghost (novice OpCK)
  6911 | D:9      | Found a staircase to the Orcish Mines.
  6957 | D:9      | Reached skill level 5 in Fighting
  7044 | D:9      | Found the +5 scythe "Finisher" {speed, eviscerate}
  7230 | D:9      | Reached skill level 5 in Dodging
  7335 | D:9      | Noticed Pikel
  7363 | D:9      | Killed Pikel
  7641 | D:9      | Received a gift from Trog
  7712 | D:9      | Found a shadowy altar of Dithmenos.
  7732 | D:10     | Entered Level 10 of the Dungeon
  8349 | D:10     | Found a roughly hewn altar of Beogh.
  8431 | D:10     | Reached XP level 11. HP: 71/94 MP: 3/11
  9436 | D:11     | Noticed a two-headed ogre
  9442 | D:11     | Killed a two-headed ogre
  9628 | D:11     | Found a staircase to the Lair.
  9647 | Lair:1   | Entered Level 1 of the Lair of Beasts
  9657 | Lair:1   | Received a gift from Trog
  9854 | Lair:1   | Reached skill level 1 in Evocations
 11246 | Lair:2   | Noticed Prince Ribbit
 11259 | Lair:2   | Reached skill level 5 in Evocations
 11262 | Lair:2   | Killed Prince Ribbit
 11424 | Lair:2   | Found a staircase to the Swamp.
 11436 | Lair:2   | Noticed a four-headed hydra
 11460 | Lair:2   | Killed a four-headed hydra
 11460 | Lair:2   | Reached XP level 12. HP: 28/104 MP: 5/16
 11466 | Lair:2   | Reached skill level 15 in Maces & Flails
 12538 | Lair:3   | Found a staircase to the Snake Pit.
 12660 | Lair:3   | You fall into a shaft and drop 2 floors!
 12664 | Lair:5   | Noticed Urug
 12679 | Lair:5   | Killed Urug
 13237 | Lair:5   | Noticed a dire elephant
 13459 | Lair:4   | Received a gift from Trog
 13459 | Lair:4   | Reached skill level 16 in Maces & Flails
 13540 | Lair:3   | Noticed a four-headed hydra
 13547 | Lair:3   | Killed a four-headed hydra
 14247 | Lair:4   | Reached XP level 13. HP: 68/111 MP: 16/20
 14740 | Lair:5   | Found a staircase to the Slime Pits.
 14751 | Lair:5   | Noticed Josephine
 15009 | Lair:5   | Killed Josephine
 15525 | Lair:5   | Killed a dire elephant
 15829 | Lair:6   | Entered Level 6 of the Lair of Beasts
 15844 | Lair:6   | Reached skill level 17 in Maces & Flails
 16837 | Lair:6   | Found a burning altar of Makhleb.
 16841 | Lair:6   | Received a gift from Trog
 16846 | Lair:6   | Reached skill level 18 in Maces & Flails
 17201 | Lair:6   | Found a gateway to Hell.
 17649 | Orc:1    | Entered Level 1 of the Orcish Mines
 17770 | Orc:2    | Entered Level 2 of the Orcish Mines
 17771 | Orc:2    | Noticed Saint Roka
 17899 | Orc:1    | Killed Saint Roka
 17899 | Orc:1    | Gained mutation: Your tail ends in a poisonous barb. [Green
                  | Draconian growth]
 17899 | Orc:1    | Reached XP level 14. HP: 46/118 MP: 6/21
 18224 | Orc:2    | Reached skill level 19 in Maces & Flails
 18250 | Orc:2    | Reached ****** piety under Trog
 18627 | Orc:2    | Received a gift from Trog
 18986 | Orc:2    | Found a roughly hewn altar of Beogh.
 19042 | Orc:2    | Found Fatigaeh's Antique Weapon Boutique.
 19052 | Orc:2    | Found Hoonkao's Jewellery Shop.
 19074 | Orc:2    | Bought a cursed amulet of inaccuracy for 22 gold pieces
 19074 | Orc:2    | Bought a +4 amulet of reflection for 297 gold pieces
 19074 | Orc:2    | Bought an uncursed ring of see invisible for 165 gold
                  | pieces
 19149 | Orc:2    | Paralysed by an orc sorcerer for 7 turns
 19426 | Orc:2    | Received a gift from Trog
 19514 | Orc:2    | Found a staircase to the Elven Halls.
 19610 | Orc:2    | Reached skill level 20 in Maces & Flails
 19613 | Orc:2    | Found Visyodoikh's General Store.
 19622 | Orc:2    | Bought a potion of heal wounds for 90 gold pieces
 19678 | Orc:2    | Noticed an orc warlord
 19705 | Orc:2    | Killed an orc warlord
 19728 | Orc:2    | Found a roughly hewn altar of Beogh.
 19793 | Orc:2    | Found Berriyhyru's Gadget Boutique.
 19863 | Orc:2    | Gained mutation: You tend to lose your temper in combat. [a
                  | neqoxec]
 20145 | Orc:1    | Found Enus's Magic Scroll Boutique.
 20151 | Orc:1    | Bought a scroll of magic mapping for 42 gold pieces
 20839 | D:12     | Reached skill level 10 in Fighting
 21332 | D:13     | Reached XP level 15. HP: 127/128 MP: 22/22
 21362 | D:13     | Noticed Sonja
 21376 | D:13     | Killed Sonja
 21440 | D:13     | Received a gift from Trog
 21854 | D:13     | Found a gate to the Vaults.
 22027 | D:13     | Found a sparkling altar of Nemelex Xobeh.
 22139 | D:14     | Noticed Frances
 22152 | D:14     | Killed Frances
 22178 | D:14     | Identified a scroll of acquirement
 22326 | D:14     | Reached skill level 10 in Dodging
 22382 | D:14     | Noticed Azrael
 22682 | D:14     | Killed Azrael
 23227 | D:15     | Entered Level 15 of the Dungeon
 23297 | D:15     | Received a gift from Trog
 23444 | D:15     | Found a staircase to the Depths.
 23486 | D:15     | Found a stormy altar of Qazlal.
 23639 | D:15     | Noticed Agnes
 23658 | D:15     | Killed Agnes
 24276 | Swamp:1  | Entered Level 1 of the Swamp
 24311 | Swamp:1  | Noticed a thorn hunter
 24325 | Swamp:1  | HP: 6/136 [thorn hunter/volley of thorns (28)]
 24331 | Swamp:1  | Killed a thorn hunter
 24943 | Swamp:1  | Reached XP level 16. HP: 84/144 MP: 5/23
 25187 | Swamp:1  | Received a gift from Trog
 25261 | Swamp:1  | HP: 4/145 [alligator (24)]
 25261 | Swamp:1  | Mangled by an alligator

Levels and vault maps discovered:
D:1:      dpeg_arrival_tiny_c, layout_loops_ring
D:2:      minmay_chambers_of_twos, layout_loops_cross
D:3:      layout_loops_ring, first_ration, chequers_ecumenical_altar_island,
          uniq_grinder, uniq_ijyb
D:4:      layout_gridville, gup_sewer_entry_bowl
D:5:      layout_rooms
D:6:      layout_loops_corners, nemelex_xobeh_ov_fountains_minmay,
          overflow_temple_1_default, kennysheep_mini_moat,
          minmay_manual_macuahuitl, uniq_edmund
D:7:      layout_basic, minmay_temple_entry_waves, basic_altar, enter_ossuary_4,
          grunt_livestock, minmay_crystal_water, nemelex_dance_club_becter
D:8:      layout_loops_cross, ebering_ghost_xom
D:9:      layout_loops_ring, grunt_dithmenos_shadows, orc_0_dummy,
          minmay_guarded_unrand_finisher, uniq_pikel
D:10:     layout_grid_maze, special_room [special_room_orc]
D:11:     layout_loops_ring, erik_lair_orcish_takeover, hangedman_decor_push,
          chequers_serial_rivers_small_a
D:12:     layout_gridville
D:13:     layout_irregular_city, david_vaults_2, nemelex_diamond_rough_becter,
          uniq_sonja
D:14:     layout_basic, uniq_azrael, uniq_frances
D:15:     hangedman_depths_entry_civil_slaughter, layout_basic,
          serial_bayou_lagoon_a, nrook_pool_corridor, grunt_qazlal_clouds,
          uniq_agnes
Lair:1:   layout_layer_cave, chequers_serial_rivers_room_a
Lair:2:   layout_chaotic_city, minmay_swamp_entry_worms,
          minmay_lair_oklob_chamber, infiniplex_staircase_pool,
          serial_bayou_shore_b, grunt_megastairs_1, uniq_prince_ribbit2
Lair:3:   layout_gridlike, guppyfry_snake_entry_island, grunt_megastairs_4,
          infiniplex_staircase_pool_2
Lair:4:   layout_cave_pods, grunt_forest_small_clearing_treed
Lair:5:   layout_cave_shapes, slime_dummy, beast_lair_carwin_10,
          serial_bayou_shore_a, uniq_josephine, uniq_urug
Lair:6:   evil_forest, layout_hall_layers
Swamp:1:  layout_basic_swamp, nicolae_swamp_triple_paths
Orc:1:    layout_caves, serial_shops, shop
Orc:2:    pubby_orc_utopia, uniq_saint_roka

Skill      XL: |  1  2  3  4  5  6  7  8  9 10 11 12 13 14 15 |
---------------+----------------------------------------------+-----
Maces & Flails | 4 5 7 8 11 14 16 18 20 | 20.0
Dodging        | 6 7 9 11 | 11.9
Fighting       | 7 9 10 13 | 13.8
Evocations     | 5 9 |  9.8

Action                   |  1- 3 |  4- 6 |  7- 9 | 10-12 | 13-15 | 16-18 || total
-------------------------+-------+-------+-------+-------+-------+-------++-------
Melee: Mace              |    92 |   162 |     5 |       |       |       ||   259
       Tailslap          |    12 |    15 |    58 |   109 |   206 |     7 ||   407
       Whip              |       |       |    53 |       |       |       ||    53
       Flail             |       |       |   394 |       |       |       ||   394
       Headbutt          |       |       |    35 |   155 |   316 |    22 ||   528
       Dire flail        |       |       |     4 |   203 |       |       ||   207
       Great mace        |       |       |       |   477 |  1386 |    77 ||  1940
Invok: Berserk           |     1 |     1 |     4 |     8 |    13 |       ||    27
       Trog's Hand       |       |     1 |       |     2 |     1 |       ||     4
       Brothers in Arms  |       |       |       |     1 |     1 |     1 ||     3
 Abil: Breathe Noxious F |       |       |     2 |     2 |     1 |       ||     5
Evoke: Wand              |       |       |     1 |     7 |    22 |     1 ||    31
  Use: Scroll            |     5 |     2 |     2 |     6 |    13 |       ||    28
       Potion            |     4 |     4 |     4 |     2 |     5 |       ||    19
 Stab: Sleeping          |     2 |       |       |     3 |     6 |       ||    11
       Confused          |       |       |     1 |       |       |       ||     1
       Paralysed         |       |       |       |       |     2 |       ||     2
  Eat: Chunk             |     2 |     5 |    12 |    27 |    40 |     1 ||    87
       Ration            |       |       |     1 |     3 |     3 |       ||     7
Armor: Skin              |    33 |    57 |   109 |   154 |   251 |    21 ||   625
Dodge: Dodged            |    74 |   146 |   273 |   622 |  1219 |    80 ||  2414
Block: Other             |       |       |       |       |   128 |    17 ||   145
       Reflection        |       |       |       |       |     5 |       ||     5
